 Dungeon Crawl Stone Soup version 0.25-a0-842-g81a31cfd23 (webtiles) character file.

Game seed: 15390435895133922636, levelgen mode: deterministic

5 Conn the Magician (level 1, -1/11 HPs)
             Began as an Octopode Wizard on Apr 24, 2020.
             Slain by a leopard gecko (2 damage)
             ... on level 1 of the Dungeon.
             The game lasted 00:00:37 (126 turns).

Conn the Magician (Octopode Wizard)                  Turns: 126, Time: 00:00:38

Health: -1/11      AC:  1    Str:  6    XL:     1   Next: 80%
Magic:  4/4        EV: 13    Int: 20    God:
Gold:   9          SH:  0    Dex: 10    Spells: 5/6 levels left

rFire    . . .     SeeInvis .   d - +0 short sword
rCold    . . .     Gourm    .   (no shield)
rNeg     . . .     Faith    .   a - +0 hat
rPois    .         Spirit   .   (no amulet)
rElec    .         Reflect  .   (no ring)
rCorr    .         Harm     .   (no ring)
MR       .....                  (no ring)
Stlth    +++.......             (no ring)
HPRegen  0.03/turn              (no ring)
MPRegen  0.09/turn              (no ring)
                                (no ring)
                                (no ring)

@: no status effects
A: almost no armour, stealthy swim, amphibious, 8 rings, constrict 8, camouflage
1, gelatinous body 1
a: no special abilities


You were on level 1 of the Dungeon.
You were not hungry.

You visited 1 branch of the dungeon, and saw 1 of its levels.

You collected 9 gold pieces.

Inventory:

Hand Weapons
 d - a +0 short sword (weapon)
Armour
 a - a +0 hat (worn)
Potions
 b - a potion of curing {unknown}
 e - a potion of degeneration {unknown}
Comestibles
 c - a ration


   Skills:
 + Level 2.0 Dodging
 + Level 2.6 Stealth
 + Level 3.3 Spellcasting
 + Level 1.0 Conjurations
   Level 1.0 Summonings
   Level 1.0 Translocations


You had 5 spell levels left.
You knew the following spells:

 Your Spells              Type           Power        Failure   Level  Hunger
a - Magic Dart            Conj           #...         9%          1    None

Your spell library contained the following spells:

 Spells                   Type           Power        Failure   Level  Hunger
 Blink                    Tloc           N/A          14%         2    ##.....
 Call Imp                 Summ           #.......     14%         2    ##.....
 Slow                     Hex            #.......     21%         2    ##.....
 Conjure Flame            Conj/Fire      #.......     32%         3    ###....
 Mephitic Cloud           Conj/Pois/Air  #.......     34%         3    ###....


Dungeon Overview and Level Annotations

Branches:
Dungeon (1/15)

Altars:


Innate Abilities, Weirdness & Mutations

You cannot wear most types of armour.
You are very stealthy in the water. (Stealth+)
You are amphibious.
You can wear up to eight rings at the same time.
You can use your tentacles to constrict eight enemies at once.
Your skin changes colour to match your surroundings (Stealth+).
Your rubbery body absorbs attacks. (AC +1, EV +1)


Message History

The jackal barely misses you.
The jackal bites you but does no damage.
The leopard gecko moves out of view.
You barely miss the jackal. You squeeze the jackal.
You kill the jackal!
The bat barely misses you.
You hit the bat. Your grab misses the bat. You squeeze the bat.
You kill the bat!
You closely miss the jackal. You grab the jackal. You squeeze the jackal.
The jackal is heavily wounded.
You constrict the jackal. The jackal bites you. The jackal barely misses you.
You hit the jackal but do no damage.
The jackal is severely wounded.
You constrict the jackal, but do no damage.
The jackal bites you.
* * * LOW HITPOINT WARNING * * *
You hit the jackal.
You kill the jackal!
The leopard gecko bites you.
You die...

.≈≈≈+ ##+###+##
.≈≈≈#+#+#≈≈≈≈≈≈≈#+#+
.≈≈≈≈≈≈≈≈≈≈≈≈≈≈≈≈≈≈≈
.≈≈≈≈≈≈≈≈≈≈≈≈≈≈≈≈≈≈≈
.≈≈≈≈≈≈≈≈≈≈≈≈≈≈≈≈≈≈≈
....................
....................
############.############.
#....@l........
########....... .......
....... ....... .......
....... .......


You could see a leopard gecko.

Vanquished Creatures
  A bat (D:1)
  2 jackals (D:1)
  A kobold (D:1)
4 creatures vanquished.

Notes
Turn   | Place    | Note
-------+----------+-------------------------------------------
     0 | D:1      | Conn the Octopode Wizard began the quest for the Orb.
     0 | D:1      | Reached XP level 1. HP: 11/11 MP: 4/4
   126 | D:1      | Slain by a leopard gecko

Levels and vault maps discovered:
D:1:      dpeg_arrival_castle, layout_basic

Action                   || total
-------------------------++-------
Melee: Short sword       ||    10
       Tentacles         ||     3
       Constrict         ||     2
 Cast: Magic Dart        ||     4
Armor: Skin              ||     1
Dodge: Dodged            ||     6

Table legend:
 A = Non-vault XP
 B = Vault XP
 C = Vault XP percentage of total XP
 D = Non-vault monster count
 E = Vault monster count
 F = Vault count percentage of total count
                 A         B        C        D         E       F
            +---------+---------+-------+---------+---------+-------
      Total |       8 |       0 |   0.0 |       4 |       0 |   0.0
            +---------+---------+-------+---------+---------+-------
        D:1 |       8 |       0 |   0.0 |       4 |       0 |   0.0
            +---------+---------+-------+---------+---------+-------
